 Dungeon Crawl Stone Soup version 0.30-a0-696-g2367cd04db (webtiles) character file.

Game seed: 12908467767950351450

1152 Woods the Sneak (level 8, -8/50 HPs)
             Began as an Octopode Fire Elementalist on Jan 21, 2023.
             Was an Initiate of Ashenzari.
             Mangled by an orc
             ... wielding a +1 short sword of electrocution
              (18 damage)
             ... on level 5 of the Dungeon.
             The game lasted 00:16:37 (6732 turns).

Woods the Sneak (Octopode Fire Elementalist)        Turns: 6732, Time: 00:16:38

Health: -8/50      AC:  5    Str:  7    XL:     8   Next: 38%
Magic:  7/16       EV: 13    Int: 19    God:    Ashenzari [......]
Gold:   318        SH:  0    Dex: 13    Spells: 8/17 levels left

rFire   . . .      SeeInvis .    (no weapon)
rCold   . . .      Faith    .    (no shield)
rNeg    . . .      Spirit   .    (helmet restricted)
rPois   .          Reflect  .    (no amulet)
rElec   .          Harm     .    d - +4 ring of protection
rCorr   .          Rampage  .    (no ring)
Will    .....                    (no ring)
Stlth   ++++                     (no ring)
HPRegen 0.28/turn                (no ring)
MPRegen 0.15/turn                (no ring)
                                 (no ring)
                                 (no ring)

@: no status effects
A: almost no armour, amphibious, 8 rings, camouflage 1, gelatinous body 1,
(nimble swimmer 1), tentacles
a: Renounce Religion


You were on level 5 of the Dungeon.
You worshipped Ashenzari.
Ashenzari was noncommittal.
You visited 2 branches of the dungeon, and saw 6 of its levels.

You collected 318 gold pieces.

Inventory:

Jewellery
 d - a +4 ring of protection (left tentacle)
Wands
 l - a wand of iceblast (14)
 o - a wand of digging (5)
Scrolls
 b - a scroll of acquirement {unknown}
 c - a scroll of blinking {unknown}
 f - 2 scrolls of enchant weapon {unknown}
 g - a scroll of vulnerability {unknown}
 h - a scroll of enchant armour {unknown}
 i - 2 scrolls of butterflies {unknown}
 j - 3 scrolls of identify {unknown}
 n - a scroll of teleportation {unknown}
 q - a scroll of magic mapping {unknown}
Potions
 a - a potion of magic
 e - a potion of lignification
 k - a potion of heal wounds {unknown}
 m - a potion of brilliance {unknown}
 p - 2 potions of flight {unknown}


   Skills:
 + Level 2.0 Fighting
 + Level 3.0 Dodging
 - Level 7.0 Stealth
 + Level 5.4 Spellcasting
 + Level 3.8 Conjurations
 - Level 5.0 Fire Magic


You had 8 spell levels left.
You knew the following spells:

 Your Spells              Type           Power      Damage    Failure   Level
a - Foxfire               Conj/Fire      84%        2x1d8     1%          1
b - Scorch                Fire           48%        2d7       2%          2
c - Inner Flame           Hex/Fire       14%        N/A       13%         3
d - Kindle Blastsparks    Fire/Tloc/Air  22%        2d11      19%         3

Your spell library contained the following spells:

 Spells                   Type           Power      Damage    Failure   Level
 Apportation              Tloc           10%        N/A       12%         1
 Necrotise                Necr           20%        1d5       12%         1
 Sandblast                Erth           10%        2d5       12%         1
 Summon Small Mammal      Summ           20%        N/A       12%         1
 Stone Arrow              Conj/Erth      24%        3d8       16%         3
 Passwall                 Tmut/Erth      4%         N/A       19%         2
 Ignite Poison            Fire/Tmut/Pois 11%        N/A       19%         3
 Flame Wave               Conj/Fire      21%        2d8       19%         4
 Sticky Flame             Conj/Fire      21%        2d4       19%         4
 Ignition                 Fire           12%        3d6       100%        8


Dungeon Overview and Level Annotations

Branches:
Dungeon (5/15)             Temple (1/1) D:4

Altars:
Ashenzari
Elyvilon
Fedhas
Gozag
Makhleb
Nemelex Xobeh
Okawaru
Qazlal
Ru
Sif Muna
Trog
Uskayaw
Vehumet
Wu Jian
Xom
Yredelemnul
Zin

Annotations:
D:4 Dowan, Duvessa


Innate Abilities, Weirdness & Mutations

You cannot wear most types of armour.
You are amphibious.
You can wear up to eight rings at the same time.
Your skin changes colour to match your surroundings (Stealth+).
Your rubbery body absorbs attacks. (AC +1, EV +1)
((You are camouflaged when in or above water. (Stealth+)))
You have tentacles for arms and can constrict up to eight enemies at once.


Message History

You kill the orc priest!
Your Dodging skill increases to level 3!
The orc wizard gestures at you while chanting.
You are confused.
Things that are here:
a +0 club; an orc corpse You're too confused to cast spells.
You're too confused to cast spells.
You bump into the rock wall.
The orc hits you but does no damage.
You are electrocuted!!
You tentacle-slap the orc but do no damage.
The orc wizard mumbles some strange words.
The orc wizard flickers and vanishes!
Deactivating autopickup; reactivate with Ctrl-A.
The orc misses you.
You barely miss the orc.
You bump into the rock wall.
Something hits you but does no damage.
You feel less confused.
Things that are here:
a +0 club; an orc corpse
Casting: Scorch (safe; 2% risk of failure)
Confirm with . or Enter, or press ? or * to list all spells.
Flames lash something.
Casting: Scorch (safe; 2% risk of failure)
Confirm with . or Enter, or press ? or * to list all spells.
Flames lash something.
Reactivating autopickup.
You feel a bit more experienced.
The orc hits you with a +1 short sword of electrocution.
You are electrocuted!!
* * * LOW HITPOINT WARNING * * *
Your Fighting skill increases to level 2!
Casting: Scorch (safe; 2% risk of failure)
Confirm with . or Enter, or press ? or * to list all spells.
Flames lash the orc.
The orc is almost dead.
The orc's fire resistance burns away.
The orc hits you but does no damage.
You are electrocuted!!
You die...

### ### #.#######.#
#.......@)#
#.#######o# #.# #.#
#)# ... #.# ..._.
########.# .......
#>.......#.###.#####.
##'######.#.#
#.#((.#.. #.....#
#.#.# #.#...#...


You could see 2 dancing weapons and an orc (combustible).

Vanquished Creatures
  Eustachio (D:4)
  Menkaure (D:4)
  Edmund (D:5)
  An ice beast (D:5)
  A black bear (D:5)
  A necrophage (D:4)
  A scorpion (D:4)
  2 orc priests
  A hound (D:5)
  2 iguanas
  3 orc wizards
  9 adders
  4 gnolls (D:5)
  A shadow imp (D:5)
  2 white imps (D:5)
  An ufetubus (D:5)
  4 worms
  2 dart slugs (D:2)
  5 orcs
  10 ball pythons
  6 endoplasms
  3 giant cockroaches
  6 hobgoblins
  4 jackals (D:2)
  4 quokkas
  4 bats
  5 frilled lizards
  9 goblins
  6 kobolds
  7 rats
107 creatures vanquished.

Vanquished Creatures (others)
  215 foxfires
215 creatures vanquished.

Grand Total: 322 creatures vanquished

Notes
Turn   | Place    | Note
-------+----------+-------------------------------------------
     0 | D:1      | Woods the Octopode Fire Elementalist began the quest for
                  | the Orb.
     0 | D:1      | Reached XP level 1. HP: 11/11 MP: 3/3
   204 | D:1      | Reached XP level 2. HP: 17/17 MP: 1/5
   266 | D:1      | Reached skill level 3 in Stealth
   610 | D:1      | Learned a level 2 spell: Scorch
   995 | D:2      | Reached XP level 3. HP: 21/21 MP: 4/6
  1082 | D:2      | Learned a level 3 spell: Inner Flame
  1505 | D:2      | Reached XP level 4. HP: 25/27 MP: 3/7
  2726 | D:3      | Reached skill level 4 in Stealth
  2726 | D:3      | Reached XP level 5. HP: 31/31 MP: 3/9
  2731 | D:3      | Learned a level 3 spell: Kindle Blastsparks
  3401 | D:4      | Noticed Eustachio
  3467 | D:4      | Noticed Menkaure
  3677 | D:4      | Reached XP level 6. HP: 36/36 MP: 3/10
  4144 | D:4      | Found a bloodstained altar of Trog.
  4181 | D:4      | Noticed Dowan
  4192 | D:4      | Noticed Duvessa
  4348 | D:4      | Killed Menkaure
  4349 | D:4      | Reached skill level 5 in Stealth
  4349 | D:4      | Reached skill level 5 in Fire Magic
  4773 | D:4      | Reached XP level 7. HP: 33/41 MP: 1/12
  5097 | D:4      | Killed Eustachio
  5098 | D:4      | Reached skill level 6 in Stealth
  5279 | D:4      | Found a staircase to the Ecumenical Temple.
  5292 | Temple   | Entered the Ecumenical Temple
  5304 | Temple   | Became a worshipper of Ashenzari the Shackled
  5546 | D:5      | Entered Level 5 of the Dungeon
  5772 | D:5      | Reached skill level 7 in Stealth
  6044 | D:5      | Reached skill level 5 in Spellcasting
  6044 | D:5      | Reached XP level 8. HP: 47/47 MP: 6/15
  6136 | D:5      | Reached skill level 1 in Fighting
  6417 | D:5      | Noticed Edmund
  6427 | D:5      | Killed Edmund
  6686 | D:5      | Found a hide-covered altar of Uskayaw.
  6686 | D:5      | Noticed a +0 hand axe
  6719 | D:5      | Noticed a +0 dagger
  6732 | D:5      | Mangled by an orc

Illustrated notes

Levels and vault maps discovered:
D:1:      shiori_shiawase, layout_basic, kennysheep_decorative_pillar
D:2:      wad_river_or_something, layout_loops_ring
D:3:      layout_loops_ring
D:4:      layout_basic, nicolae_overflow_crystal_walls,
          minmay_temple_entry_grid, minmay_misc_feat_more_columns,
          hangedman_decor_growths, chequers_serial_rivers_micro_e, uniq_duvessa,
          uniq_eustachio, uniq_menkaure
D:5:      layout_basic, dancing_weapons_uskayaw, kennysheep_mini_moat,
          uniq_edmund
Temple:   hellmonk_temple_two_chambers

Skill      XL: |  1  2  3  4  5  6  7  8 |
---------------+-------------------------+-----
Stealth        | 3 4 5 7 |  7.0
Conjurations   | 2 3 |  3.8
Fire Magic     | 4 5 |  5.0
Spellcasting   | 3 5 |  5.4
Fighting       | 2 |  2.0
Dodging        | 3 |  3.0

Action                   |  1- 3 |  4- 6 |  7- 9 || total
-------------------------+-------+-------+-------++-------
Melee: Unarmed           |    40 |    22 |    24 ||    86
       Constrict         |    10 |     5 |     3 ||    18
       Tentacles         |     6 |     4 |     7 ||    17
       Punch             |       |     1 |       ||     1
 Cast: Foxfire           |    33 |    65 |    25 ||   123
       Scorch            |     2 |    28 |    37 ||    67
       Inner Flame       |       |     5 |     7 ||    12
  Use: Potion            |       |       |     2 ||     2
 Stab: Sleeping          |     3 |       |     1 ||     4
Armor: Skin              |     3 |    10 |    19 ||    32
Dodge: Dodged            |    18 |    36 |    21 ||    75

Table legend: (Time is in decaauts)
 A = Elapsed time spent in this place.
 B = Non-inter-level travel time spent in this place.
 C = Inter-level travel time spent in this place.
 D = Time resting spent in this place.
 E = Time spent auto-exploring this place.
 F = Levels seen in this place.
 G = Mean time per level.
                   A        B        C        D        E       F      G
               +--------+--------+--------+--------+--------+-----+--------+
         Total |   6720 |   6534 |    186 |   1987 |   3042 |   6 | 1120.0 |
       Dungeon |   6701 |   6520 |    181 |   1987 |   3042 |   5 | 1340.2 |
        Temple |     18 |     13 |      5 |      0 |      0 |   1 |   18.0 |
               +--------+--------+--------+--------+--------+-----+--------+

Top non-repeatable levels by time:
     D:4: 1855 daAuts
     D:3: 1462 daAuts
     D:2: 1265 daAuts
     D:5: 1127 daAuts
     D:1: 991 daAuts
  Temple: 18 daAuts
